 Dungeon Crawl Stone Soup version 0.23-a0-290-g290e36d (console) character file.

3065 bli the Martial Artist (level 9, -2/75 HPs)
             Began as a Grey Draconian Transmuter on Oct 3, 2018.
             Was a Follower of Fedhas.
             Killed by the air
             ... invoked by Gastronok
              (25 damage)
             ... on level 8 of the Dungeon.
             The game lasted 00:33:57 (8417 turns).

bli the Martial Artist (Grey Draconian Transmuter)  Turns: 8417, Time: 00:33:57

Health: -2/75      AC: 12    Str: 13    XL:     9   Next: 57%
Magic:  12/14      EV: 18    Int: 13    God:    Fedhas [*.....]
Gold:   327        SH:  0    Dex: 15    Spells: 0/15 levels left

rFire    + . .     SeeInvis .     - Unarmed
rCold    + . .     Gourm    .   (no shield)
rNeg     . . .     Faith    .   (armour unavailable)
rPois    .         Spirit   .   (helmet restricted)
rElec    .         Reflect  .   i - scarf {rC+ rF+}
rCorr    .         Harm     .   (no gloves)
MR       .....                  (no boots)
Stlth    ++........             d - amulet of magic regeneration
HPRegen  0.22/turn              o - +3 ring of evasion
MPRegen  0.39/turn              (no ring)

@: appendage (expiring)
A: walk through water, unfitting armour, horns 2, unbreathing, cold-blooded, AC
+12
a: End Transformation, Fungal Bloom, Sunlight, Renounce Religion


You were on level 8 of the Dungeon.
You worshipped Fedhas.
Fedhas was aware of your devotion.
You were not hungry.
You had grown temporary horns.
You visited 1 branch of the dungeon, and saw 8 of its levels.

You collected 327 gold pieces.

Inventory:

Hand Weapons
 n - a +1 spear of freezing
 w - a +1 mace of draining
Missiles
 a - 70 arrows
 b - 157 stones (quivered)
 v - 11 tomahawks
Armour
 e - a +0 cloak
 i - a scarf of resistance (worn)
Jewellery
 d - an amulet of magic regeneration (around neck)
 h - an uncursed amulet of faith
 o - a +3 ring of evasion (left hand)
Wands
 x - a wand of digging (21)
 A - a wand of random effects (42)
 B - a wand of paralysis (14)
 D - a wand of clouds (7)
Scrolls
 g - 6 scrolls of identify {unknown}
 l - 3 scrolls of remove curse {unknown}
 q - a scroll of enchant weapon {unknown}
 s - 2 scrolls of teleportation {unknown}
 t - 3 scrolls of fear {unknown}
 y - a scroll of immolation {unknown}
Potions
 f - a potion of mutation {unknown}
 j - a potion of curing {unknown}
 k - 3 potions of haste {unknown}
 m - a potion of flight {unknown}
 p - a potion of berserk rage {unknown}
 r - 2 potions of resistance {unknown}
 u - a potion of might {unknown}
 z - a potion of heal wounds {unknown}
Comestibles
 c - 12 rations


   Skills:
 * Level 6.0 Fighting
 * Level 5.2 Dodging
 + Level 2.2 Stealth
 * Level 9.5 Unarmed Combat
 + Level 3.7 Spellcasting
 + Level 4.2 Transmutations
 + Level 1.7 Poison Magic
 + Level 0.6 Evocations


You couldn't memorise any spells.
You knew the following spells:

 Your Spells              Type           Power        Failure   Level  Hunger
a - Beastly Appendage     Tmut           ##....       3%          1    #......
b - Sticks to Snakes      Tmut           ##......     5%          2    ##.....
s - Spider Form           Tmut/Pois      ##........   19%         3    ###....
B - Blade Hands           Tmut           ##........   71%         5    ######.
I - Ice Form              Ice/Tmut       #.......     65%         4    #####..

Your spell library contained the following spells:

 Spells                   Type           Power        Failure   Level  Hunger


Dungeon Overview and Level Annotations

Branches:
Dungeon (8/15)             Temple (0/1) D:6            Lair (0/6) D:8

Altars:
Fedhas
Gozag
Okawaru
Qazlal
Sif Muna
Trog
Xom
The Shining One

Shops:
D:6 :

Annotations:
D:8 Gastronok


Innate Abilities, Weirdness & Mutations

You can walk through water.
Your dull iron-grey scales are very hard. (AC +12)
You cannot fit into any form of body armour.
You can survive without breathing.
You are cold-blooded and may be slowed by cold attacks.
You have a pair of horns on your head.


Message History

Your ball python bites Gastronok but does no damage.
Your ball python completely misses Gastronok.
You hit Gastronok.
You tail-slap Gastronok, but do no damage.
Gastronok is lightly wounded.
Your ball python barely misses Gastronok.
Your ball python bites Gastronok but does no damage.
Gastronok bites you!!
You hit Gastronok. You tail-slap Gastronok.
Gastronok is moderately wounded.
Your ball python bites Gastronok but does no damage.
Your ball python bites Gastronok.
You punch Gastronok!
Gastronok is moderately wounded.
Your transformation is almost over.
Your ball python bites Gastronok but does no damage. x2
Gastronok waves his eye-stalks in wide circles.
The air twists around and strikes you!
You die...
Fedhas appreciates your contribution to the ecosystem.

..# # #.#....#.# ..#..#.##. ..#
#......# # ..#..#.##. ..#
##.####P#..# ..#..#P##.
..##.......P...# #.#..#P##.
.......####....# # #.#..PPPP.
...............# .# #.#..#P##.
.......###.#...# #.## #.#..#.##.
...............# #...###.........
...............##.....##.........
...# .###.#...#..S....#.#.......
.###. ...#...#@w.....#.##.#####
.###.. ###.#....SP.......##.#
..........................#.#####
.####...##.##......>.............
.# #.......)(.............P.....
.####...##.##...........÷.)).....
.........#.##..#..P..P.#.##P.####
.####....#.##..#.......#..#..##
.......wS#.##..##.....##......#
.#####...#.##..###.S.###.##..##
.........÷.......S..####.#......


You could see Gastronok and 2 friendly ball pythons.

Vanquished Creatures
  A hippogriff (D:7)
  Sigmund (D:2)
  2 hungry ghosts (D:6)
  3 wargs (D:8)
  An orc warrior (D:6)
  An ice beast (D:6)
  A necrophage (D:8)
  3 ogres
  A phantom (D:4)
  2 centaurs
  2 bullfrogs
  3 howler monkeys
  2 crimson imps
  2 quasits (D:8)
  A jelly (D:6)
  4 orc priests
  3 hounds
  6 orc wizards
  2 bullfrog skeletons (D:7)
  A centaur skeleton (D:4)
  5 worker ants
  A killer bee zombie (D:4)
  3 hound skeletons
  4 gnolls (D:2)
  12 adders
  A howler monkey skeleton (D:8)
  2 shadow imps
  An ooze (D:3)
  An adder zombie (D:4)
  An adder skeleton (D:4)
  5 worms
  3 dart slugs (D:1)
  5 leopard geckos
  23 orcs
  3 ball pythons
  5 bats
  4 giant cockroaches
  10 goblins
  7 hobgoblins
  2 jackals (D:8)
  6 kobolds
  5 quokkas
  5 frilled lizards
  2 quokka skeletons
  4 rats
162 creatures vanquished.

Vanquished Creatures (others)
  A worker ant zombie (D:6)
  57 toadstools
58 creatures vanquished.

Grand Total: 220 creatures vanquished

Notes
Turn   | Place    | Note
-------+----------+-------------------------------------------
     0 | D:1      | bli the Draconian Transmuter began the quest for the Orb.
     0 | D:1      | Reached XP level 1. HP: 16/16 MP: 3/3
   439 | D:1      | Reached XP level 2. HP: 23/23 MP: 5/5
  1080 | D:2      | Reached XP level 3. HP: 29/29 MP: 4/6
  1221 | D:2      | Learned a level 3 spell: Spider Form
  1672 | D:2      | Reached XP level 4. HP: 20/36 MP: 1/7
  2108 | D:2      | Reached skill level 4 in Unarmed Combat
  2698 | D:2      | Noticed Sigmund
  2768 | D:2      | Killed Sigmund
  2768 | D:2      | Reached XP level 5. HP: 36/44 MP: 5/8
  3021 | D:3      | Reached XP level 6. HP: 50/50 MP: 9/9
  3324 | D:3      | Reached skill level 1 in Poison Magic
  3501 | D:3      | Reached skill level 5 in Unarmed Combat
  4507 | D:4      | Reached skill level 1 in Stealth
  4507 | D:4      | Your scales start taking on a dull iron-grey colour.
  4507 | D:4      | Reached XP level 7. HP: 15/57 MP: 8/11
  4507 | D:4      | Gained mutation: You can survive without breathing. [Grey
                  | Draconian growth]
  4939 | D:5      | Entered Level 5 of the Dungeon
  4948 | D:5      | Found a shimmering altar of Xom.
  4950 | D:5      | Found a stormy altar of Qazlal.
  4950 | D:5      | Found a blossoming altar of Fedhas.
  4954 | D:5      | Learned a level 2 spell: Sticks to Snakes
  4954 | D:5      | Found an iron altar of Okawaru.
  4954 | D:5      | Found a glowing golden altar of the Shining One.
  4954 | D:5      | Found a deep blue altar of Sif Muna.
  4954 | D:5      | Found a bloodstained altar of Trog.
  5050 | D:5      | Became a worshipper of Fedhas Madash
  5792 | D:6      | Reached skill level 6 in Unarmed Combat
  6043 | D:6      | Noticed a hungry ghost
  6063 | D:6      | Killed a hungry ghost
  6063 | D:6      | Reached XP level 8. HP: 49/67 MP: 12/12
  6163 | D:6      | Reached skill level 7 in Unarmed Combat
  6213 | D:6      | Found Cino's Book Shop.
  6244 | D:6      | Found a stormy altar of Qazlal.
  6586 | D:6      | Found a staircase to the Ecumenical Temple.
  6976 | D:7      | Noticed a hippogriff
  6987 | D:7      | Killed a hippogriff
  6987 | D:7      | Reached skill level 5 in Fighting
  6987 | D:7      | Reached skill level 8 in Unarmed Combat
  7120 | D:7      | Reached XP level 9. HP: 60/74 MP: 12/14
  7140 | D:7      | Reached * piety under Fedhas
  7548 | D:8      | Learned a level 4 spell: Ice Form
  7554 | D:8      | Learned a level 5 spell: Blade Hands
  7603 | D:8      | Reached skill level 9 in Unarmed Combat
  7809 | D:8      | Found a staircase to the Lair.
  7840 | D:8      | Reached skill level 5 in Dodging
  7918 | D:8      | Noticed Gastronok
  8016 | D:8      | Found an opulent altar of Gozag.
  8417 | D:8      | Killed from afar by Gastronok

Vault maps used:
D:1:      dpeg_arrival_rooms_c, minivault_24, minivault_11
D:2:      dk_vineyard_1, uniq_sigmund
D:3:      first_ration
D:5:      grunt_temple_overflow_open
D:6:      minmay_temple_entry_statues, serial_shops, nicolae_shop_behind_doors,
          basic_altar, minmay_crossroads
D:8:      nicolae_gozag_seed_capital, erik_lair_orcish_takeover, uniq_gastronok

Skill      XL: |  1  2  3  4  5  6  7  8  9 |
---------------+----------------------------+-----
Dodging        | 2 3 4 5 |  5.2
Fighting       | 2 3 4 5 6 |  6.0
Unarmed Combat | 4 5 6 8 9 |  9.5
Poison Magic   | 1 |  1.7
Stealth        | 1 2 |  2.2
Transmutations | 3 4 |  4.2
Spellcasting   | 3 |  3.7
Evocations     | |  0.6

Action                   |  1- 3 |  4- 6 |  7- 9 || total
-------------------------+-------+-------+-------++-------
Melee: Unarmed           |    90 |   234 |   353 ||   677
       Kick              |     9 |    11 |    25 ||    45
       Tailslap          |     6 |    19 |    30 ||    55
       Headbutt          |       |     4 |    20 ||    24
       Punch             |       |     1 |     1 ||     2
Throw: Stone             |     1 |     4 |    13 ||    18
 Cast: Beastly Appendage |    12 |    21 |    31 ||    64
       Spider Form       |     3 |     7 |     7 ||    17
       Sticks to Snakes  |       |       |    10 ||    10
Invok: Fungal Bloom      |       |       |    21 ||    21
Evoke: Wand              |       |       |     2 ||     2
 Stab: Sleeping          |     1 |     1 |     5 ||     7
  Eat: Chunk             |     2 |     9 |     7 ||    18
       Ration            |       |     1 |     4 ||     5
Armor: Skin              |    20 |    34 |    72 ||   126
Dodge: Dodged            |    64 |   163 |   295 ||   522

Table legend:
 A = Non-vault XP
 B = Vault XP
 C = Vault XP percentage of total XP
 D = Non-vault monster count
 E = Vault monster count
 F = Vault count percentage of total count
                 A         B        C        D         E       F
            +---------+---------+-------+---------+---------+-------
      Total |    3566 |     813 |  18.6 |     153 |       9 |   5.6
            +---------+---------+-------+---------+---------+-------
        D:1 |      39 |       0 |   0.0 |      18 |       0 |   0.0
        D:2 |     104 |     223 |  68.2 |      16 |       1 |   5.9
        D:3 |     110 |       0 |   0.0 |      33 |       0 |   0.0
        D:4 |     364 |       0 |   0.0 |      22 |       0 |   0.0
        D:5 |     187 |       0 |   0.0 |      13 |       0 |   0.0
        D:6 |    1175 |       3 |   0.3 |      14 |       1 |   6.7
        D:7 |     860 |       0 |   0.0 |      15 |       0 |   0.0
        D:8 |     727 |     587 |  44.7 |      22 |       7 |  24.1
            +---------+---------+-------+---------+---------+-------
